 Dungeon Crawl Stone Soup version 0.21-a0-225-g207ae17 (webtiles) character file.

25865 DeloreanTremens the Carver (level 12, -2/115 HPs)
             Began as a Minotaur Fighter on Aug 30, 2017.
             Was a High Priest of Okawaru.
             Splashed by an oklob plant's acid (17 damage)
             ... on level 3 of the Lair of Beasts.
             The game lasted 00:55:34 (16534 turns).

DeloreanTremens the Carver (Minotaur Fighter)      Turns: 16534, Time: 00:55:35

Health: -2/115     AC: 11    Str: 24    XL:     12   Next: 93%
Magic:  13/14      EV: 21    Int:  7    God:    Okawaru [*****.]
Gold:   1011       SH:  0    Dex: 13    Spells: 11/11 levels left

rFire    + . .     SeeInvis .   V - +1 scimitar (holy)
rCold    . . .     Gourm    .   (no shield)
rNeg     + + .     Faith    .   r - +1 chain mail {rF+}
rPois    .         Spirit   .   (helmet restricted)
rElec    .         Reflect  .   (no cloak)
rCorr    .         Harm     .   n - +1 pair of gloves
MR       .....                  J - +0 pair of boots
Stlth    ..........             b - macabre finger necklace {rN+}
HPRegen  0.29/turn              D - +3 ring of dexterity
MPRegen  0.14/turn              O - +4 ring of evasion
                                R - ring of positive energy

@: heroism, corroded
A: retaliatory headbutt, horns 2
a: Heroism, Finesse, Renounce Religion


You were on level 3 of the Lair of Beasts.
You worshipped Okawaru.
Okawaru was extremely pleased with you.
You were hungry.

You visited 3 branches of the dungeon, and saw 16 of its levels.

You collected 1011 gold pieces.

Inventory:

Hand Weapons
 e - a +3 great sword of slicing
 s - a +0 blowgun
 V - a +1 scimitar of holy wrath (weapon)
 X - a +2 lajatang of protection
Missiles
 l - 24 poisoned needles
 x - 23 tomahawks (quivered)
 S - 18 curare-tipped needles
Armour
 c - a +0 shield
 n - a +1 pair of gloves (worn)
 r - a +1 chain mail of fire resistance (worn)
 J - a +0 pair of boots (worn)
 T - a +0 plate armour
Jewellery
 b - the macabre finger necklace (around neck) {rN+}
   (You found it on level 12 of the Dungeon)

   [amulet of nothing]

   It protects you from negative energy.
 D - a +3 ring of dexterity (left hand)
 O - a +4 ring of evasion (right hand)
 R - a ring of positive energy (on amulet)
Wands
 t - a wand of paralysis (6/24)
 u - a wand of confusion (22/48)
 F - a wand of polymorph (16/24)
 H - a wand of random effects (28/48)
 M - a wand of polymorph (8/24)
 U - a wand of lightning (6/15)
 Y - a wand of random effects (29/48)
Scrolls
 k - 5 scrolls of identify
 o - 2 scrolls of teleportation
 q - 3 scrolls of fog
 v - a scroll of enchant weapon
 w - a scroll of recharging
 y - a scroll of fear {unknown}
 C - 3 scrolls of blinking
 E - 6 scrolls of remove curse
 I - 4 scrolls of amnesia {unknown}
 K - a scroll of silence {unknown}
 Q - a scroll of brand weapon {unknown}
 W - a scroll of holy word {unknown}
Potions
 a - a potion of invisibility {unknown}
 d - 6 potions of might
 g - 3 potions of brilliance
 h - 10 potions of curing
 p - 2 potions of resistance
 z - 2 potions of lignification
 A - 4 potions of heal wounds
 B - 3 potions of haste
 G - a potion of agility
 L - 3 potions of flight
 P - 4 potions of berserk rage
Books
 N - Gash's Guide on Unstable Aid
   (You found it on level 2 of the Lair of Beasts)

   Spells                             Type                      Level
   a - Apportation                    Translocation                1
   b - Shroud of Golubria             Charms/Translocation         2
   c - Excruciating Wounds            Charms/Necromancy            5
   d - Ring of Flames                 Charms/Fire                  7
Comestibles
 f - 8 bread rations
 i - 15 fruits
 j - 8 royal jellies
 m - 3 meat rations


   Skills:
 + Level 13.6(18.6) Fighting
 - Level 14.2(19.2) Long Blades
 + Level 11.8(16.8) Armour
 + Level 10.4(15.4) Dodging
 - Level 3.6(8.6) Shields
 - Level 5.0 Invocations


You had 11 spell levels left.
You didn't know any spells.

Dungeon Overview and Level Annotations

Branches:
Dungeon (12/15)            Temple (0/1) D:7            Lair (3/6) D:10
 Shoals (0/4) Lair:2        Snake (0/4) Lair:2          Orc (1/2) D:9

Altars:
Cheibriados
Dithmenos
Elyvilon
Fedhas
Gozag
Kikubaaqudgha
Makhleb
Okawaru
Qazlal
Ru
Yredelemnul
Zin
The Shining One
Beogh

Annotations:
Lair:3 exclusion: 2 oklob plants


Innate Abilities, Weirdness & Mutations

You reflexively headbutt those who attack you in melee.
You have a pair of horns on your head.


Message History

You closely miss the spiny frog. You headbutt the spiny frog!
The spiny frog is lightly wounded.
The spiny frog completely misses you.
You slice the spiny frog!!
You kill the spiny frog!
Okawaru accepts your kill. The oklob plant spits acid at you.
The splash of acid hits you! The acid corrodes you!
You are splashed with acid!
The acid burns!
The oklob plant spits acid at you. The splash of acid hits you!
You are splashed with acid!
The acid burns!
The oklob plant spits acid at you. The splash of acid hits you!
You are splashed with acid!
The acid burns!
* * * LOW HITPOINT WARNING * * *
You see here 4 tomahawks.
The oklob plant spits acid at you. The splash of acid hits you!
* * * LOW HITPOINT WARNING * * *
You are splashed with acid!
The acid burns!
You die...

.............####.
..##..............
..###..#.##.......
..###..#.........######
..#).8.'....P#...P$$.P#
.#.....#.....#......P$#
#....###...........[$(#
...#.####........(..(?#
.....P#.......P.@######
...#...............#
.8.#...............#
...#.#.............#
...#..#........#P..###
...#####......##.....#
#...## ##....####....#
##...###P....####...##
......###..........##


You could see 2 oklob plants.

Vanquished Creatures
  Gastronok (Lair:2)
  3 two-headed ogres
  An orc high priest (D:9)
  A skeletal warrior (D:12)
  Pikel (D:6)
  A cyclops (D:11)
  An oklob plant (Lair:3)
  A merfolk siren (Lair:2)
  5 elephants (Lair:3)
  3 black mambas
  A gargoyle (D:10)
  2 centaur skeletons
  7 spiny frogs
  2 rime drakes (Lair:3)
  4 komodo dragons (Lair:1)
  A polar bear (Lair:1)
  5 hippogriffs
  A spriggan (D:7)
  16 yaks
  2 basilisks (Lair:1)
  A wyvern (D:7)
  Edmund (D:5)
  5 water moccasins
  11 porcupines
  3 sky beasts
  8 orc warriors
  3 ice beasts
  4 wolves (Lair:2)
  3 phantoms
  2 slaves (D:6)
  3 black bears
  2 necrophages
  2 ogres
  4 centaurs
  7 crocodiles
  A big kobold (D:9)
  16 bullfrogs
  2 gnoll sergeants
  6 killer bees
  4 scorpions
  5 howler monkeys
  2 electric eels (Lair:3)
  9 crimson imps
  2 jellies
  A bullfrog zombie (D:5)
  A centaur zombie (D:12)
  7 hounds
  7 orc priests
  8 orc wizards
  2 bullfrog skeletons
  6 iguanas
  Natasha (D:2)
  10 worker ants
  A killer bee zombie (D:7)
  A howler monkey zombie (D:11)
  A worker ant zombie (D:9)
  10 gnolls
  A howler monkey skeleton (D:8)
  11 adders
  6 shadow imps
  3 oozes
  An adder skeleton (D:7)
  An adder zombie (D:10)
  3 worms (D:3)
  6 dart slugs
  3 leopard geckos
  66 orcs
  A ball python (D:4)
  5 giant cockroaches
  12 goblins
  5 hobgoblins
  16 jackals
  15 kobolds
  A quokka (D:11)
  5 bats
  3 frilled lizards (D:2)
  A quokka skeleton (D:5)
  7 rats
393 creatures vanquished.

Vanquished Creatures (others)
  A bullfrog (D:6)
  A rat (D:2)
  19 fungi
  9 plants
30 creatures vanquished.

Grand Total: 423 creatures vanquished

Notes
Turn   | Place    | Note
-------+----------+-------------------------------------------
     0 | D:1      | DeloreanTremens the Minotaur Fighter began the quest for the Orb.
     0 | D:1      | Reached XP level 1. HP: 19/19 MP: 0/0
    87 | D:1      | Reached XP level 2. HP: 14/27 MP: 1/1
   249 | D:1      | Reached skill level 3 in Long Blades
   475 | D:1      | Reached XP level 3. HP: 33/33 MP: 2/2
   719 | D:2      | Found a sacrificial altar of Ru.
   839 | D:2      | Reached skill level 4 in Long Blades
  1129 | D:2      | Reached XP level 4. HP: 37/41 MP: 3/3
  1208 | D:2      | Noticed Natasha
  1215 | D:2      | Killed Natasha
  1584 | D:3      | Found a shadowy altar of Dithmenos.
  1692 | D:3      | Reached skill level 5 in Long Blades
  1738 | D:3      | Reached XP level 5. HP: 47/47 MP: 4/4
  1814 | D:3      | Reached skill level 5 in Fighting
  2091 | D:3      | Found a glowing golden altar of the Shining One.
  2385 | D:4      | Found a stormy altar of Qazlal.
  2477 | D:4      | Found a white marble altar of Elyvilon.
  2656 | D:4      | Found an iron altar of Okawaru.
  2661 | D:4      | Became a worshipper of Warmaster Okawaru
  2732 | D:4      | Found an opulent altar of Gozag.
  2768 | D:4      | Reached skill level 6 in Long Blades
  2780 | D:4      | Reached XP level 6. HP: 23/56 MP: 5/5
  3225 | D:5      | Entered Level 5 of the Dungeon
  3332 | D:5      | Reached skill level 7 in Long Blades
  3729 | D:5      | Noticed a sky beast
  3734 | D:5      | Killed a sky beast
  3734 | D:5      | Reached XP level 7. HP: 53/63 MP: 6/6
  3795 | D:5      | Found a snail-covered altar of Cheibriados.
  3795 | D:5      | Found a blossoming altar of Fedhas.
  3901 | D:5      | Reached * piety under Okawaru
  3901 | D:5      | Reached skill level 8 in Long Blades
  3905 | D:5      | Noticed Edmund
  3921 | D:5      | Killed Edmund
  3921 | D:5      | Reached skill level 9 in Long Blades
  4396 | D:6      | Reached skill level 10 in Long Blades
  4396 | D:6      | Reached XP level 8. HP: 66/70 MP: 7/7
  4885 | D:6      | Noticed Pikel
  4901 | D:6      | Killed Pikel
  4901 | D:6      | Reached ** piety under Okawaru
  4901 | D:6      | Reached skill level 12 in Long Blades
  5590 | D:7      | Reached XP level 9. HP: 75/78 MP: 8/8
  5642 | D:7      | Found a staircase to the Ecumenical Temple.
  5649 | D:7      | Reached *** piety under Okawaru
  6082 | D:7      | Reached skill level 13 in Long Blades
  6371 | D:8      | Found a basalt altar of Yredelemnul.
  6413 | D:8      | Noticed a two-headed ogre
  6803 | D:8      | Found a glowing silver altar of Zin.
  6851 | D:7      | Reached skill level 1 in Invocations
  7316 | D:8      | Reached **** piety under Okawaru
  7535 | D:9      | Noticed a two-headed ogre
  7547 | D:9      | Killed a two-headed ogre
  7547 | D:9      | Reached skill level 14 in Long Blades
  7547 | D:9      | Reached XP level 10. HP: 85/90 MP: 8/11
  7718 | D:9      | Found an ancient bone altar of Kikubaaqudgha.
  7719 | D:9      | Found a burning altar of Makhleb.
  7719 | D:9      | Noticed an Executioner
  7728 | D:9      | Reached skill level 1 in Dodging
  7993 | D:9      | Found a staircase to the Orcish Mines.
  8047 | D:9      | Noticed a two-headed ogre
  8064 | D:9      | Killed a two-headed ogre
  8064 | D:9      | Reached skill level 5 in Armour
  8305 | D:9      | Reached ***** piety under Okawaru
  8311 | D:9      | Reached skill level 5 in Invocations
  8533 | D:9      | Noticed a smoke demon
  9001 | D:9      | Reached skill level 10 in Fighting
  9244 | D:9      | Reached skill level 5 in Dodging
  9355 | D:10     | Entered Level 10 of the Dungeon
  9370 | D:10     | Reached XP level 11. HP: 93/99 MP: 13/13
  9381 | D:10     | Noticed a two-headed ogre
  9401 | D:10     | Killed a two-headed ogre
  9593 | D:10     | Found a staircase to the Lair.
  9862 | D:10     | Received a gift from Okawaru
 10461 | D:10     | Found a roughly hewn altar of Beogh.
 11919 | D:12     | Found the macabre finger necklace {rN+}
 12098 | D:12     | Noticed a skeletal warrior
 12145 | D:12     | Killed a skeletal warrior
 12272 | D:12     | Noticed a skeletal warrior
 12347 | Orc:1    | Entered Level 1 of the Orcish Mines
 12347 | Orc:1    | Noticed an orc high priest
 12347 | Orc:1    | Noticed an orc sorcerer
 12361 | D:9      | Killed an orc high priest
 12584 | Lair:1   | Entered Level 1 of the Lair of Beasts
 12862 | Lair:1   | Received a gift from Okawaru
 13098 | Lair:1   | Reached XP level 12. HP: 96/112 MP: 14/14
 13346 | Lair:1   | Reached skill level 10 in Armour
 13996 | Lair:2   | Found a staircase to the Shoals.
 14044 | Lair:2   | Noticed Gastronok
 14044 | Lair:2   | Noticed a seven-headed hydra
 14251 | Lair:2   | Identified Gash's Guide on Unstable Aid
 14618 | Lair:2   | Found a staircase to the Snake Pit.
 14648 | Lair:2   | Killed Gastronok
 14648 | Lair:2   | Received a gift from Okawaru
 15277 | Lair:3   | Received a gift from Okawaru
 16067 | Lair:3   | Reached skill level 10 in Dodging
 16534 | Lair:3   | Splashed by an oklob plant's acid

Vault maps used:
D:1:      dpeg_arrival_erosion
D:2:      nicolae_ru_awakened_eye, uniq_natasha
D:3:      nicolae_tso_swordbearing_angel, nicolae_overflow_hidden_temple,
          lemuel_doored_altar, first_bread
D:4:      lemuel_coloured_pillars_altar,
          nicolae_gozag_cash_rules_everything_around_me, marbit_many_paths,
          kennysheep_little_box, wad_floor_pattern_1
D:5:      gammafunk_temple_overflow_statue, kennysheep_nub,
          kennysheep_another_room, uniq_edmund
D:6:      uniq_pikel
D:7:      minmay_temple_entry_overgrown, the_bakery,
          minmay_a_box_with_orc_wizards_in_it
D:8:      minmay_blocky_corners, kennysheep_mini_moat, zin_academy
D:9:      nicolae_overflow_crystal_walls, makhleb_altar_promises_db,
          hiddenorc1_lemuel, serial_corexii_hall, corexii_hall_statues_l,
          corexii_hall_statues_l
D:10:     due_lair_maze_entry_diamond, special_room
Lair:1:   grunt_megastairs_2
Lair:2:   minmay_shoals_entry_lonely_mermaid, dummy_snake_entry,
          lemuel_fruit_fields, uniq_gastronok
Lair:3:   st_stairs_9, infiniplex_staircase_pool, grunt_megastairs_4,
          minmay_lair_oklob_chamber
Orc:1:    basic_altar

Skill      XL: |  1  2  3  4  5  6  7  8  9 10 11 12 |
---------------+-------------------------------------+-----
Long Blades    | 3 4 5 6 7 10 12 14 | 14.2
Armour         | 4 6 9 11 | 11.8
Fighting       | 4 5 6 8 10 12 13 | 13.6
Invocations    | 3 5 |  5.0
Dodging        | 5 8 10 | 10.4
Shields        | |  3.6

Action                   |  1- 3 |  4- 6 |  7- 9 | 10-12 || total
-------------------------+-------+-------+-------+-------++-------
Melee: Long sword        |    86 |   177 |   273 |   284 ||   820
       Headbutt          |    17 |    26 |    68 |   210 ||   321
       Scimitar          |       |       |       |   517 ||   517
       Punch             |       |       |       |     3 ||     3
 Fire: Hunting sling     |       |     8 |       |       ||     8
Throw: Stone             |       |     2 |       |       ||     2
       Tomahawk          |       |       |     6 |    10 ||    16
Invok: Heroism           |       |       |     4 |    17 ||    21
       Finesse           |       |       |       |     2 ||     2
Evoke: Wand              |       |       |     4 |     3 ||     7
  Use: Scroll            |       |     7 |     7 |     6 ||    20
       Potion            |       |       |     2 |       ||     2
  Eat: Chunk             |     1 |     8 |     8 |    15 ||    32
       Bread ration      |       |       |     1 |     3 ||     4
Armor: Scale mail        |    48 |    58 |    49 |       ||   155
       Chain mail        |       |       |    29 |   206 ||   235
Dodge: Dodged            |    26 |    49 |    49 |   263 ||   387
Block: Shield            |    40 |    86 |   104 |   270 ||   500
       Rpst.: Long sword |     4 |    12 |    10 |    21 ||    47
       Scimitar          |       |       |       |    53 ||    53

Table legend:
 A = Spawn XP
 B = Non-spawn XP
 C = Spawn XP percentage of total XP
 D = Spawn monster count
 E = Non-spawn monster count
 F = Spawn count percentage of total count
 G = Total turns spent on level
                    A         B        C        D         E        F      G
               +---------+---------+-------+---------+---------+-------+---------
         Total |    6086 |   30864 |  16.5 |      51 |     340 |  13.0 | 16534
               +---------+---------+-------+---------+---------+-------+---------
           D:1 |       2 |      43 |   4.4 |       1 |      21 |   4.5 |   684
           D:2 |      13 |     103 |  11.2 |       1 |      24 |   4.0 |   857
           D:3 |       0 |      82 |   0.0 |       0 |      19 |   0.0 |   735
           D:4 |       3 |     186 |   1.6 |       1 |      23 |   4.2 |   949
           D:5 |      59 |     790 |   6.9 |       5 |      18 |  21.7 |  1025
           D:6 |      52 |    1062 |   4.7 |       2 |      16 |  11.1 |  1103
           D:7 |      73 |    1089 |   6.3 |       2 |      14 |  12.5 |  1415
           D:8 |     181 |    1010 |  15.2 |       3 |      12 |  20.0 |   716
           D:9 |     746 |    6439 |  10.4 |      13 |      58 |  18.3 |  2112
          D:10 |     553 |    3241 |  14.6 |       7 |      49 |  12.5 |  1531
          D:11 |     278 |    1715 |  13.9 |       3 |      27 |  10.0 |  1117
          D:12 |       0 |     925 |   0.0 |       0 |       5 |   0.0 |   349
        Lair:1 |       0 |    4849 |   0.0 |       0 |      21 |   0.0 |  1604
        Lair:2 |     557 |    4335 |  11.4 |       5 |       9 |  35.7 |  1058
        Lair:3 |    3569 |    4995 |  41.7 |       8 |      24 |  25.0 |  1277
               +---------+---------+-------+---------+---------+-------+---------
